 Dungeon Crawl Stone Soup version 0.19.3-4-gbf9329e (webtiles) character file.

53 pib the Conjurer (level 3, -9/19 HPs)
             Began as a Tengu Conjurer on Jan 28, 2017.
             Killed from afar by Sigmund (11 damage)
             ... with a puff of flame
             ... on level 2 of the Dungeon.
             The game lasted 00:04:12 (1912 turns).

pib the Conjurer (Tengu Conjurer)                   Turns: 1912, Time: 00:04:13

Health: -9/19      AC:  2    Str:  8    XL:     3   Next: 89%
Magic:  8/8        EV: 13    Int: 20    God:
Gold:   79         SH:  0    Dex: 14    Spells: 2 memorised, 3 levels left

rFire  . . .     SeeInvis .     q - +0 trident
rCold  . . .     Gourm    .     a - +0 robe
rNeg   . . .     Faith    .     (no shield)
rPois  .         Spirit   .     (helmet restricted)
rElec  .         Reflect  .     (no cloak)
rCorr  .         Harm     .     (no gloves)
MR     .....                    (boots unavailable)
Stlth  +.........               (no amulet)
                                (no ring)
                                m - +4 ring of intelligence

@: confused
A: beak, talons 3
a: no special abilities


You were on level 2 of the Dungeon.
You were not hungry.

You visited 1 branch of the dungeon, and saw 2 of its levels.

You collected 79 gold pieces.

Inventory:

Hand Weapons
 h - a +0 club
 q - a +0 trident (weapon)
Armour
 a - a +0 robe (worn)
 n - a +2 pair of gloves
Jewellery
 m - a +4 ring of intelligence (left hand)
Scrolls
 e - a scroll of amnesia {unknown}
 i - a scroll of noise {unknown}
 o - a scroll of magic mapping {unknown}
 p - 2 scrolls of teleportation {unknown}
Potions
 d - a potion of agility {unknown}
 f - 2 potions of heal wounds {unknown}
 g - a potion of curing {unknown}
 j - a potion of haste {unknown}
 l - a potion of lignification {unknown}
Books
 b - a book of Conjurations

   Spells                             Type                      Level
   a - Magic Dart                     Conjuration                  1
   b - Searing Ray                    Conjuration                  2
   c - Dazzling Spray                 Conjuration/Hexes            3
   d - Fulminant Prism                Conjuration/Hexes            4
   e - Iskenderun's Mystic Blast      Conjuration                  4
   f - Iskenderun's Battlesphere      Conjuration/Charms           5
Comestibles
 c - 6 bread rations
 k - 2 chunks of flesh


   Skills:
 + Level 3.0 Dodging
 - Level 2.0 Stealth
 + Level 2.7 Spellcasting
 + Level 5.9 Conjurations


You had 3 spell levels left.
You knew the following spells:

 Your Spells              Type           Power        Failure   Level  Hunger
a - Magic Dart            Conj           ####         1%          1    None
b - Dazzling Spray        Conj/Hex       ##....       14%         3    ###....


Dungeon Overview and Level Annotations

Branches:
Dungeon (2/15)

Altars:

Annotations:
D:2 Sigmund


Innate Abilities, Weirdness & Mutations

You have a beak for a mouth.
You have claws for feet.


Message History

Magic restored.
c - 5 bread rations (gained 1)
p - 2 scrolls labeled TEPRAS BIQEPSY (gained 1) Some of the chunks of flesh in your inventory have rotted away.
You now have 79 gold pieces (gained 15).
You found a teleport trap!
c - 6 bread rations (gained 1) Sigmund the Dreaded comes into view.
He is wielding a scythe.
Sigmund hits you from afar with a scythe!
Ouch! That really hurt!
Sigmund casts a spell at you. The magic dart hits you!
* * * LOW HITPOINT WARNING * * *
Sigmund gestures at you while chanting.
You are confused.
You bump into the rock wall.
Sigmund points at you and mumbles some strange words.
The puff of flame hits you!
Ouch! That really hurt!
You die...

#.....####.#.# ##.##.#
#@#@# ##.##.# #.#.#
##...#.# #.#..
########......####.######
............^....@........
########......##.#########
#....#.##.#
########.####...@#
.........# ######
########## # # #


You could see Sigmund.

Vanquished Creatures
  2 adders (D:2)
  An ooze (D:2)
  3 dart slugs (D:1)
  A worm (D:2)
  A ball python (D:1)
  3 giant cockroaches (D:1)
  3 hobgoblins
  3 jackals (D:1)
  A quokka (D:2)
  A frilled lizard (D:2)
  A kobold (D:1)
  2 rats (D:1)
22 creatures vanquished.

Notes
Turn   | Place    | Note
-------+----------+-------------------------------------------
     0 | D:1      | pib the Tengu Conjurer began the quest for the Orb.
     0 | D:1      | Reached XP level 1. HP: 10/10 MP: 4/4
   201 | D:1      | Reached XP level 2. HP: 7/15 MP: 0/6
  1427 | D:2      | Reached XP level 3. HP: 17/19 MP: 2/7
  1479 | D:2      | Learned a level 3 spell: Dazzling Spray
  1900 | D:2      | Noticed Sigmund
  1912 | D:2      | Killed from afar by Sigmund

Skill      XL: |  1  2  3 |
---------------+----------+-----
Dodging        | 3 |  3.0
Stealth        | |  2.0
Spellcasting   | |  2.7
Conjurations   | |  5.9

Action                   || total
-------------------------++-------
Melee: Unarmed           ||     9
       Kick              ||     1
       Peck              ||     1
 Cast: Magic Dart        ||    55
  Eat: Chunk             ||     3
Armor: Robe              ||     6
Dodge: Dodged            ||    30
